 Dungeon Crawl Stone Soup version 0.25-a0-651-g8c222c7a2b (webtiles) character file.

Game seed: 12941433167044993543, levelgen mode: deterministic

432 An17 the Chiller (level 6, -3/46 HPs)
             Began as a Demigod Ice Elementalist on Mar 22, 2020.
             Slain by a phantom (9 damage)
             ... on level 4 of the Dungeon.
             The game lasted 00:08:44 (1925 turns).

An17 the Chiller (Demigod Ice Elementalist)         Turns: 1925, Time: 00:08:45

Health: -3/46      AC:  5    Str: 11    XL:     6   Next: 39%
Magic:  9/15       EV: 12    Int: 23    God:
Gold:   105        SH:  0    Dex: 16    Spells: 5/13 levels left

rFire    . . .     SeeInvis +   e - staff of cold
rCold    + . .     Gourm    .   (no shield)
rNeg     . . .     Faith    .   b - +1 leather armour
rPois    .         Spirit   .   (no helmet)
rElec    .         Reflect  .   (no cloak)
rCorr    .         Harm     .   h - +0 pair of gloves
MR       .....                  (no boots)
Stlth    ++........             (no amulet)
HPRegen  0.15/turn              i - ring of see invisible
MPRegen  0.14/turn              (no ring)

@: no status effects
A: high mp 1
a: no special abilities


You were on level 4 of the Dungeon.
You were hungry.

You visited 1 branch of the dungeon, and saw 4 of its levels.

You collected 105 gold pieces.

Inventory:

Hand Weapons
 a - a +3 dagger
 d - a +2 short sword of draining
Missiles
 j - 4 javelins (quivered)
Armour
 b - a +1 leather armour (worn)
 h - a +0 pair of gloves (worn)
 k - a +0 scale mail
Magical Staves
 e - an uncursed staff of cold (weapon)
Jewellery
 i - a ring of see invisible (left hand)
Wands
 g - a wand of paralysis (8)
Comestibles
 c - 3 rations


   Skills:
 + Level 0.6 Fighting
 - Level 0.8 Short Blades
 + Level 1.4 Armour
 + Level 2.3 Dodging
 - Level 1.8 Stealth
 + Level 4.0 Spellcasting
 + Level 5.3 Ice Magic


You had 5 spell levels left.
You knew the following spells:

 Your Spells              Type           Power        Failure   Level  Hunger
a - Freeze                Ice            ####         1%          1    None
b - Ozocubu's Armour      Chrm/Ice       ####....     14%         3    ##.....
c - Hailstorm             Conj/Ice       ####....     41%         4    ####...

Your spell library contained the following spells:

 Spells                   Type           Power        Failure   Level  Hunger
 Frozen Ramparts          Ice            #####.       4%          3    ##.....
 Summon Ice Beast         Ice/Summ       ####....     41%         4    ####...


Dungeon Overview and Level Annotations

Branches:
Dungeon (4/15)
 Temple: D:4-7


Innate Abilities, Weirdness & Mutations

You have an increased reservoir of magic. (+10% MP)


Message History

The phantom is lightly damaged.
The phantom hits you.
* * * LOW HITPOINT WARNING * * *
You barely miss the phantom.
The phantom is lightly damaged.
The phantom hits you but does no damage.
The phantom blinks!
Your icy armour cracks and falls away as you move.
The phantom blinks!
You hit the phantom.
The phantom is lightly damaged.
The phantom closely misses you.
You hit the phantom.
The phantom is lightly damaged.
The phantom hits you.
* * * LOW HITPOINT WARNING * * *
You hit the phantom.
The phantom is lightly damaged.
The phantom hits you!
You die...

........# .......#
...#... . #....###
...##...#.##
................##
##........##......#
##........# #W....###
........####@#.....# .
#.......##..#.....# .
####............###.##
.##.##............#####
.F..)....<..........#
....................#
...................##
#......#..........###
#.....##............##


You could see a phantom.

Vanquished Creatures
  Sigmund (D:2)
  An ogre (D:3)
  2 orc wizards (D:3)
  Jessica (D:3)
  A bullfrog skeleton (D:3)
  An adder (D:2)
  An ooze (D:1)
  2 worms (D:4)
  A dart slug (D:2)
  An orc (D:3)
  7 giant cockroaches
  12 goblins
  5 hobgoblins
  A quokka (D:2)
  12 bats
  4 frilled lizards
  6 kobolds
  5 rats
64 creatures vanquished.

Notes
Turn   | Place    | Note
-------+----------+-------------------------------------------
     0 | D:1      | An17 the Demigod Ice Elementalist began the quest for the
                  | Orb.
     0 | D:1      | Reached XP level 1. HP: 14/14 MP: 5/5
   162 | D:1      | Reached skill level 4 in Ice Magic
   162 | D:1      | Reached XP level 2. HP: 20/20 MP: 1/7
   871 | D:2      | Reached XP level 3. HP: 26/26 MP: 2/8
   877 | D:2      | Learned a level 3 spell: Ozocubu's Armour
   909 | D:2      | Noticed Sigmund
   921 | D:2      | Killed Sigmund
   921 | D:2      | Reached XP level 4. HP: 24/33 MP: 1/11
   921 | D:2      | Reached XP level 5. HP: 28/38 MP: 1/13
   990 | D:2      | Reached skill level 5 in Ice Magic
  1308 | D:3      | Found a hazy altar of Hepliaklqana.
  1334 | D:3      | Reached skill level 1 in Armour
  1348 | D:3      | Learned a level 4 spell: Hailstorm
  1490 | D:3      | Noticed Jessica
  1496 | D:3      | Killed Jessica
  1514 | D:3      | Reached XP level 6. HP: 43/46 MP: 8/14
  1925 | D:4      | Slain by a phantom

Levels and vault maps discovered:
D:1:      wander_arrival_desolate, layout_basic, serial_glass, glass_columns_c,
          glass_columns_a, palyth_stone_intersect, minmay_unequal
D:2:      layout_basic, minmay_misc_feat_ornament, nrook_loot_triangle,
          uniq_sigmund
D:3:      layout_basic, lemuel_crystal_altar, serial_rivers,
          chequers_serial_rivers_small_3, chequers_serial_rivers_micro_e,
          chequers_serial_rivers_micro_b, chequers_serial_rivers_large_a,
          uniq_jessica
D:4:      layout_cave_pools, temple_statues, first_ration, enter_ossuary_4,
          serial_park_tiny_2, uniq_menkaure

Skill      XL: |  1  2  3  4  5  6 |
---------------+-------------------+-----
Ice Magic      | 4 5 |  5.3
Spellcasting   | 2 3 4 |  4.0
Dodging        | 2 |  2.3
Armour         | 1 |  1.4
Fighting       | |  0.6
Short Blades   | |  0.8
Stealth        | |  1.8

Action                   |  1- 3 |  4- 6 || total
-------------------------+-------+-------++-------
Melee: Dagger            |     6 |       ||     6
       Short sword       |     7 |    23 ||    30
       Staff             |       |    29 ||    29
 Cast: Freeze            |    42 |    43 ||    85
       Ozocubu's Armour  |       |     4 ||     4
  Use: Scroll            |     3 |     4 ||     7
       Potion            |       |     1 ||     1
 Stab: Sleeping          |     1 |     1 ||     2
       Invisible         |       |     1 ||     1
  Eat: Ration            |       |     1 ||     1
Armor: Leather armour    |    12 |    28 ||    40
       Robe              |     1 |       ||     1
Dodge: Dodged            |    23 |    59 ||    82

Table legend:
 A = Non-vault XP
 B = Vault XP
 C = Vault XP percentage of total XP
 D = Non-vault monster count
 E = Vault monster count
 F = Vault count percentage of total count
                 A         B        C        D         E       F
            +---------+---------+-------+---------+---------+-------
      Total |     345 |     273 |  44.2 |      59 |       5 |   7.8
            +---------+---------+-------+---------+---------+-------
        D:1 |      31 |       5 |  13.9 |      16 |       3 |  15.8
        D:2 |      52 |     231 |  81.6 |      23 |       1 |   4.2
        D:3 |     252 |      37 |  12.8 |      18 |       1 |   5.3
        D:4 |      10 |       0 |   0.0 |       2 |       0 |   0.0
            +---------+---------+-------+---------+---------+-------
